 Dungeon Crawl Stone Soup version 0.31-a0-844-gdc52ec4e09 (webtiles) character file.

Game seed: 2939581174006799830

6 EnjSadman the Trooper (level 1, -3/20 HPs)
             Began as a Minotaur Chaos Knight on Sept 29, 2023.
             Was a Plaything of Xom.
             Slain by a yak (shapeshifter) (5 damage)
             ... on level 1 of the Dungeon.
             The game lasted 00:03:09 (208 turns).

EnjSadman the Trooper (Minotaur Chaos Knight)        Turns: 208, Time: 00:03:10

Health: -3/20      AC:  6    Str: 16    XL:     1   Next: 75%
Magic:  9/9        EV:  9    Int:  9    God:    Xom [..*...]
Gold:   30         SH:  0    Dex:  9    Spells: 0/0 levels left

rFire   . . .        a - +0 spear (chaos)
rCold   . . .        (no shield)
rNeg    . . .        f - +0 scale mail
rPois   .            (helmet restricted)
rElec   .            (no cloak)
rCorr   .            (no gloves)
SInv    .            (no boots)
Will    .....        (no amulet) Stlth
                     e - ring of magical power
HPRegen 0.23/turn    (no ring)
MPRegen 0.11/turn

%: no passive effects
@: no status effects
A: horns 2, retaliatory headbutt
a: Renounce Religion


You were on level 1 of the Dungeon.
You worshipped Xom.
You were a toy of Xom.
You visited 1 branch of the dungeon, and saw 1 of its levels.

You collected 30 gold pieces.

Inventory:

Hand Weapons
 a - a +0 spear of chaos (weapon)
Armour
 b - a +2 leather armour
 f - a +0 scale mail (worn)
Jewellery
 e - a ring of magical power (left hand)
Scrolls
 c - a scroll of butterflies
 d - a scroll of amnesia {unknown}


   Skills:
 + Level 3.9 Fighting
 + Level 3.7 Polearms
 + Level 2.8 Armour
 + Level 1.1 Dodging


You couldn't memorise any spells.
You didn't know any spells.
Your spell library was empty.

Dungeon Overview and Level Annotations

Branches:
Dungeon (1/15)

Altars:


Innate Abilities, Weirdness & Mutations

You have a pair of horns on your head.
You reflexively headbutt those who attack you in melee.


Message History

Magic restored.
Found a scale mail.
You see here a +0 scale mail.
f - a +0 scale mail You start removing your armour.
You continue taking off your +2 leather armour. x4
You finish taking off your +2 leather armour.
You start putting on your armour.
You continue putting on your +0 scale mail. x5
You finish putting on your +0 scale mail.
A quokka comes into view.
The quokka bites you but does no damage.
You hit the quokka.
The quokka changes into a shapeshifter!
Xom thinks this is hilarious!
The shapeshifter is heavily wounded.
You hit the shapeshifter.
The shapeshifter is poisoned.
You headbutt the shapeshifter!
The shapeshifter is almost dead.
The shapeshifter changes into a yak!
You barely miss the yak.
The yak is moderately wounded.
The yak gores you but does no damage.
You hit the yak. You freeze the yak. You headbutt the yak.
The yak is moderately wounded.
You hit the yak but do no damage.
The yak easily resists.
You headbutt the yak, but do no damage.
The yak is moderately wounded.
The yak gores you!
Ouch! That really hurt!
You emit a cloud of colourful smoke!
You hit the yak but do no damage. Your headbutt misses the yak.
The yak is moderately wounded.
The yak gores you.
* * * LOW HITPOINT WARNING * * *
Xom thinks this is hilarious!
You hit the yak but do no damage.
The yak is moderately wounded.
The yak gores you.
You die...
Xom titters!

# #.. #. #.. #.. #.#
###.###.# # ##
....##.# .# ##..
#...#.# .#
###...##..#§Y#..#...
..........§@§......
#...#.#.#§§§......
#....#..####.##.#
#.#...## # #.....#
###.### #.# #.# #
#.#


You could see a yak shaped shifter.

Vanquished Creatures
  A bat (D:1)
  2 endoplasms (D:1)
  A ball python (D:1)
  A kobold (D:1)
  A rat (D:1)
6 creatures vanquished.

Notes
Turn   | Place    | Note
-------+----------+-------------------------------------------
     0 | D:1      | EnjSadman the Minotaur Chaos Knight began the quest for the
                  | Orb.
     0 | D:1      | Reached XP level 1. HP: 19/19 MP: 0/0
    27 | D:1      | XOM: silly message
   110 | D:1      | XOM: silly message
   202 | D:1      | a quokka changed into a shapeshifter
   202 | D:1      | Noticed a shapeshifter (shapeshifter)
   203 | D:1      | a shapeshifter changed into a yak
   203 | D:1      | Noticed a yak (shapeshifter)
   206 | D:1      | XOM: smoke on damage
   208 | D:1      | Slain by a yak (shapeshifter)

Illustrated notes

Levels and vault maps discovered:
D:1:      eino_arrival_water_star, layout_loops_corners

Action                     || total
---------------------------++-------
  Melee: Spear             ||    18
         Headbutt          ||     4
 Armour: Leather armour    ||     9
         Scale mail        ||     5
  Dodge: Dodged            ||     2

Table legend: (Time is in decaauts)
 A = Elapsed time spent in this place.
 B = Non-inter-level travel time spent in this place.
 C = Inter-level travel time spent in this place.
 D = Time resting spent in this place.
 E = Time spent auto-exploring this place.
 F = Levels seen in this place.
 G = Mean time per level.
                   A        B        C        D        E       F      G
               +--------+--------+--------+--------+--------+-----+--------+
         Total |    206 |     78 |    128 |      0 |     19 |   1 |  206.0 |
       Dungeon |    206 |     78 |    128 |      0 |     19 |   1 |  206.0 |
               +--------+--------+--------+--------+--------+-----+--------+

Top non-repeatable levels by time:
     D:1: 206 daAuts
